 Dungeon Crawl Stone Soup version 0.19-a0-32-gbfd796a (webtiles) character file.

9 M4edhros the Grave Robber (level 2, -4/17 HPs)
             Began as an Octopode Necromancer on May 2, 2016.
             Slain by a worm (9 damage)
             ... on level 2 of the Dungeon.
             The game lasted 00:00:49 (179 turns).

M4edhros the Grave Robber (Octopode Necromancer)     Turns: 179, Time: 00:00:50

Health: -4/17      AC:  1    Str:  7    XL:     2   Next: 12%
Magic:  0/5        EV: 12    Int: 17    God:
Gold:   20         SH:  0    Dex: 12    Spells: 1 memorised, 4 levels left

rFire  . . .     SeeInvis +       - Unarmed
rCold  . . .     Gourm    .     (no shield)
rNeg   . . .     Faith    .     (helmet restricted)
rPois  .         Spirit   .     (no amulet)
rElec  .         Dismiss  .     g - ring of see invisible
rCorr  .         Reflect  .     (no ring)
SustAt .         Harm     .     (no ring)
MR     .....                    (no ring)
Stlth  +++.......               (no ring)
                                (no ring)
                                (no ring)
                                (no ring)

@: not resistant to hostile enchantments, fairly stealthy
A: almost no armour, amphibious, 8 rings, constrict 8, camouflage 1, gelatinous
body 1
a: no special abilities


You were on level 2 of the Dungeon.
You were not hungry.

You visited 1 branch of the dungeon, and saw 3 of its levels.

You collected 20 gold pieces.

Inventory:

Jewellery
 g - a ring of see invisible (left tentacle)
Scrolls
 d - 2 scrolls of magic mapping {unknown}
Potions
 c - 2 potions of heal wounds {unknown}
 e - a potion of curing {unknown}
Books
 a - a book of Necromancy

   Spells                             Type                      Level
   a - Pain                           Necromancy                   1
   b - Animate Skeleton               Necromancy                   1
   c - Vampiric Draining              Necromancy                   3
   d - Regeneration                   Charms/Necromancy            3
   e - Animate Dead                   Necromancy                   4
   f - Control Undead                 Necromancy                   4
Comestibles
 b - 2 bread rations
 f - a royal jelly


   Skills:
 - Level 2.0 Dodging
 - Level 2.6 Stealth
 + Level 1.7 Unarmed Combat
 - Level 2.0 Spellcasting
 - Level 4.0 Necromancy


You had 4 spell levels left.
You knew the following spells:

 Your Spells              Type           Power        Failure   Level  Hunger
a - Pain                  Necr           ###.         3%          1    #......


Dungeon Overview and Level Annotations

Branches:
Dungeon (3/15)

Altars:
Ashenzari


Innate Abilities, Weirdness & Mutations

You cannot wear most types of armour.
You are amphibious.
You can wear up to eight rings at the same time.
You can use your tentacles to constrict eight enemies at once.
Your skin changes colour to match your surroundings (Stealth).
Your rubbery body absorbs attacks (AC +1).


Message History

Press: ? - help, Shift-Dir - straight line, f/p - worm
Aim: a worm (heavily wounded, chance to defeat MR: 80%)
The worm convulses in agony!
Casting: Pain
Confirm with . or Enter, or press ? or * to list all spells.
Aiming: Pain
Press: ? - help, Shift-Dir - straight line, f/p - worm
Aim: a worm (heavily wounded, chance to defeat MR: 80%)
The worm convulses in agony!
Casting: Pain
Confirm with . or Enter, or press ? or * to list all spells.
You don't have enough magic to cast that spell.
Casting: Pain
Confirm with . or Enter, or press ? or * to list all spells.
You don't have enough magic to cast that spell.
You tentacle-slap the worm. You grab the worm.
The worm is almost dead.
You constrict the worm. The worm bites you!
Ouch! That really hurt!
You die...

..... .# #..............
....###.#
#.............. #...#..
#.............. #...#.#
#.......†.>..). #.....#
#.......<<.....
#....####.(............
#.⌠#......#.............
....
#...w.........#.....#
....
####@...##.##########
... #...###.# ._ #.###
#.# . #.# #.# #.# #.#
..# #.# ### .#


You could see a worm.

Vanquished Creatures
  A giant cockroach (D:1)
  3 kobolds
  3 bats
  2 rats (D:1)
9 creatures vanquished.

Notes
Turn   | Place    | Note
--------------------------------------------------------------
     0 | D:1      | M4edhros the Octopode Necromancer began the quest for the Orb.
     0 | D:1      | Reached XP level 1. HP: 11/11 MP: 3/3
    53 | D:1      | Reached skill level 1 in Unarmed Combat
   111 | D:2      | Reached XP level 2. HP: 12/17 MP: 3/5
   170 | D:2      | Found a shattered altar of Ashenzari.
   179 | D:2      | Slain by a worm

Vault maps used:
D:1:      ncdulo_lavacross
D:2:      kennysheep_cross_bottleneck, evilmike_ruin_ashenzari
D:3:      grunt_temple_overflow_champion_of_chaos, first_bread,
          uniq_crazy_yiuf_cottage, uniq_terence

Skill      XL: |  1 |
---------------+----+-----
Unarmed Combat | 1 |  1.7
Dodging        | |  2.0
Stealth        | |  2.6
Spellcasting   | |  2.0
Necromancy     | |  4.0

Action                   || total
-------------------------++-------
Melee: Unarmed           ||    19
       Constrict         ||     6
       Tentacles         ||     2
 Cast: Pain              ||     9
 Stab: Sleeping          ||     1
Armor: Skin              ||     3
Dodge: Dodged            ||    17
